AoeStats
← alexandrovb27

Arena

507538114Analyzed
3v3 RM · 15d ago on Sep 18, 2026· 48m 15s· 6 players
Game mode
Random Map
Map size
Normal (6 player)
Population
200
Speed
Normal
Resources
Standard
Victory
Conquest
Starting age
Dark Age
Ending age
Imperial Age
RankedLock teamsTeams togetherTeam positionsShared explorationLock speedFull tech treeHidden civsTurbo modeCheats
Victory
Defeat
🇪🇸 Cumans · Spain
789
+10
🇨🇴 Maya · Colombia
661
+15
🇵🇪 Chinese · Peru
589
+18
🇫🇷 Berbers · France
710
-17
🇫🇷 Teutons · France
652
-15
🇫🇷 Lithuanians · France
567
-11
ren68210
11:54 Feudal Age
18:42 Castle Age
17:49 Double-Bit Axe
17:59 Horse Collar
20:14 Stone Mining
20:15 Gold Mining
25:01 Wheelbarrow
25:09 Bow Saw
26:34 Heavy Plow
27:13 Stone Shaft Mining
27:41 Hand Cart
28:51 Caravan
35:30 Imperial Age
33:18 Scale Mail Armor
33:24 Scale Barding Armor
33:30 Forging
33:14 Heated Shot
33:45 Ballistics
35:34 Chain Barding Armor
35:31 Chain Mail Armor
35:34 Cavalier
38:40 Paladin
40:04 Plate Barding Armor
41:46 Iron Casting
41:45 Plate Mail Armor
43:04 Chemistry
42:31 Conscription
42:33 Crenellations
43:09 Elite Teutonic Knight
46:43 Blast Furnace
45:08 Pikeman
45:49 Squires
Boustos12
0:30 Loom
0:57 Loom
14:14 Feudal Age
15:44 Gold Mining
15:48 Stone Mining
15:22 Man-at-Arms
15:48 Arson
16:04 Double-Bit Axe
16:24 Horse Collar
17:43 Wheelbarrow
24:48 Castle Age
25:44 Bow Saw
25:54 Hand Cart
25:42 Heavy Plow
26:35 Stone Shaft Mining
29:06 Caravan
29:20 Long Swordsman
30:22 Squires
30:49 Husbandry
30:53 Fletching
31:43 Bodkin Arrow
33:18 Bloodlines
33:38 Ballistics
33:29 Fortified Wall
37:19 Imperial Age
34:55 Pikeman
37:22 Forging
37:37 Halberdier
40:08 Iron Casting
39:34 Bracer
41:16 Chemistry
41:14 Conscription
42:26 Cavalier
Nordinateur93
14:55 Feudal Age
15:30 Horse Collar
16:28 Wheelbarrow
15:45 Double-Bit Axe
19:01 Gold Mining
19:02 Stone Mining
19:00 Man-at-Arms
19:27 Arson
24:38 Castle Age
25:52 Long Swordsman
28:33 Caravan
30:03 Hand Cart
29:58 Pikeman
30:38 Squires
34:17 Gold Shaft Mining
34:18 Stone Shaft Mining
34:51 Bow Saw
36:07 Kasbah
41:03 Imperial Age
41:29 Fletching
41:40 Padded Archer Armor
41:42 Scale Mail Armor
41:53 Forging
42:11 Conscription
41:19 Elite Camel Archer
41:31 Heavy Scorpion
43:17 Bodkin Arrow
43:38 Leather Archer Armor
45:48 Ballistics
45:40 Fortified Wall
lars.jak
2:16 Loom
2:40 Loom
11:24 Feudal Age
19:11 Castle Age
20:55 Double-Bit Axe
20:54 Horse Collar
23:00 Bloodlines
23:14 Heavy Plow
24:53 Wheelbarrow
25:32 Scale Barding Armor
25:37 Forging
26:04 Gold Mining
27:21 Bow Saw
28:59 Chain Barding Armor
29:30 Iron Casting
29:08 Steppe Husbandry
31:51 Hand Cart
35:11 Imperial Age
32:46 Town Watch
34:19 Town Patrol
35:10 Gold Shaft Mining
35:27 Elite Steppe Lancer
36:44 Plate Barding Armor
37:10 Blast Furnace
36:12 Stone Mining
37:04 Conscription
43:21 Two-Man Saw
42:53 Crop Rotation
45:25 Chemistry
44:46 Ballistics
44:37 Masonry
Brianbuu
0:36 Loom
12:06 Feudal Age
12:26 Horse Collar
14:20 Wheelbarrow
14:16 Double-Bit Axe
22:17 Castle Age
22:58 Heavy Plow
23:10 Bow Saw
23:34 Gold Mining
26:25 Hand Cart
31:33 Imperial Age
30:28 Fletching
30:41 Padded Archer Armor
30:04 Elite Skirmisher
30:54 Thumb Ring
31:17 Caravan
32:09 Leather Archer Armor
31:50 Bodkin Arrow
32:07 Forging
32:17 Fervor
31:57 Town Watch
32:37 Scale Mail Armor
33:23 Conscription
33:05 Stone Mining
34:27 Two-Man Saw
33:51 Capped Ram
34:47 Hul'che Javelineers
34:42 Pikeman
35:27 Squires
37:08 Bracer
37:38 Ring Archer Armor
37:34 Ballistics
37:11 Murder Holes
38:48 Siege Ram
42:33 Hoardings
41:29 Sappers
42:19 Chain Mail Armor
41:46 Eagle Warrior
43:59 Plate Mail Armor
44:05 Iron Casting
45:11 Elite Eagle Warrior
alexandrovb27
0:54 Loom
13:00 Feudal Age
14:26 Town Watch
15:16 Wheelbarrow
16:15 Double-Bit Axe
16:42 Horse Collar
22:07 Man-at-Arms
27:06 Castle Age
24:42 Man-at-Arms
25:46 Gold Mining
25:55 Stone Mining
27:23 Elite Skirmisher
28:13 Thumb Ring
29:49 Hand Cart
30:22 Town Patrol
30:54 Pikeman
31:34 Squires
37:57 Imperial Age
38:30 Gold Shaft Mining
38:32 Stone Shaft Mining
38:14 Great Wall
38:01 Halberdier
39:11 Conscription
39:07 Sappers
40:14 Masonry
40:27 Ballistics
41:52 Heavy Plow
42:08 Bow Saw
47:11 Elite Chu Ko Nu
48:13 Rocketry
48:54 Forging
48:35 Fletching
48:45 Padded Archer Armor
48:46 Scale Mail Armor
48:51 Scale Barding Armor
Connection lost

Rejoining the realm…

Still unreachable

The connection could not be restored.

Session expired

The server has moved on; the page needs a fresh start.